 Dungeon Crawl Stone Soup version 0.26.1-11-gd32895ea62 (webtiles) character file.

Game seed: 6275356669514426977

3003 seveneves the Blocker (level 9, -8/75 HPs)
             Began as a Minotaur Fighter on July 19, 2021.
             Was an Initiate of Ru.
             Mangled by a boulder beetle (11 damage)
             ... on level 8 of the Dungeon.
             The game lasted 00:33:12 (5398 turns).

seveneves the Blocker (Minotaur Fighter)            Turns: 5398, Time: 00:33:13

Health: -8/75      AC: 17    Str: 29    XL:     9   Next: 54%
Magic:  8/8        EV:  9    Int:  8    God:    Ru [......]
Gold:   586        SH: 14    Dex:  9    Spells: 8/8 levels left

rFire    + + +     SeeInvis +   A - +4 hand axe "Tunisam" {elec, rF+++ Will+ Int+3 Dex-2}
rCold    + + .     Faith    .   c - +2 kite shield
rNeg     . . .     Spirit   .   t - +3 chain mail {rPois}
rPois    +         Reflect  .   (helmet restricted)
rElec    .         Harm     .   g - scarf {+Inv}
rCorr    .         Rampage  .   (no gloves)
Will     +....                  (no boots)
Stlth    ..........             (no amulet)
HPRegen  0.22/turn              h - +4 ring of protection
MPRegen  0.11/turn              C - ring of Cellogh {rC++ Str+6 SInv Stlth-}

@: no status effects
A: retaliatory headbutt, horns 2
a: Renounce Religion, Evoke Invisibility


You were on level 8 of the Dungeon.
You worshipped Ru.
Ru was noncommittal.
You visited 2 branches of the dungeon, and saw 9 of its levels.

You collected 586 gold pieces.

Inventory:

Hand Weapons
 j - a +4 falchion
 w - a +2 rapier
 A - the +4 hand axe "Tunisam" (weapon) {elec, rF+++ Will+ Int+3 Dex-2}
   (You took it off an orc wizard on level 5 of the Dungeon)

   Occasionally, upon striking a foe, it can discharge electrical energy and
   cause terrible harm.
   It affects your intelligence (+3).
   It affects your dexterity (-2).
   It renders you almost immune to fire.
   It affects your willpower, your defense against some magical effects.
 G - a +5 scimitar of freezing
Armour
 c - a +2 kite shield (worn)
 g - a scarf of invisibility (worn)
 t - a +3 chain mail of poison resistance (worn)
 D - a +1 pair of boots of rampaging
Jewellery
 a - a +6 ring of dexterity
 h - a +4 ring of protection (left hand)
 p - an uncursed ring of protection from fire
 u - an uncursed ring of positive energy
 v - an uncursed ring of willpower
 C - the ring of Cellogh (right hand) {rC++ Str+6 SInv Stlth-}
   (You found it on level 7 of the Dungeon)

   [ring of see invisible]

   It affects your strength (+6).
   It greatly protects you from cold.
   It lets you see invisible.
   It makes you less stealthy.
 E - an uncursed ring of magical power
Wands
 y - a wand of flame (33)
 B - a wand of random effects (19)
Scrolls
 d - a scroll of noise {unknown}
 e - 4 scrolls of teleportation
 f - 2 scrolls of magic mapping {unknown}
 i - 2 scrolls of enchant armour
 l - 5 scrolls of identify
 n - 4 scrolls of blinking
 q - a scroll of fear
 x - 2 scrolls of amnesia
 H - a scroll of fog {unknown}
Potions
 b - a potion of heal wounds
 k - 2 potions of resistance
 m - a potion of curing
 r - a potion of mutation {unknown}
 s - a potion of flight {unknown}
 z - a potion of haste
 F - a potion of brilliance {unknown}
Miscellaneous
 o - a tin of tremorstones (2/2)


   Skills:
 + Level 6.1 Fighting
 + Level 3.3(4.7) Short Blades
 + Level 5.6(6.1) Long Blades
 + Level 8.0 Axes
 + Level 0.2(4.9) Maces & Flails
 + Level 7.0 Armour
 + Level 3.4 Dodging
 + Level 0.9 Stealth
 + Level 9.0 Shields


You had 8 spell levels left.
You didn't know any spells.
Your spell library contained the following spells:

 Spells                   Type           Power        Failure   Level
 Confusing Touch          Hex            0%           100%        3
 Gell's Gravitas          Tloc           0%           100%        3
 Petrify                  Tmut/Erth      0%           100%        4
 Metabolic Englaciation   Hex/Ice        0%           100%        5
 Yara's Violent Unravell  Hex/Tmut       0%           100%        5


Dungeon Overview and Level Annotations

Branches:
Dungeon (8/15)             Temple (1/1) D:7
   Lair: D:8-11

Altars:
Ashenzari
Cheibriados
Dithmenos
Elyvilon
Fedhas
Gozag
Hepliaklqana
Makhleb
Nemelex Xobeh
Okawaru
Qazlal
Ru
Sif Muna
Trog
Uskayaw
Vehumet
Xom
Yredelemnul
Zin
The Shining One

Shops:
D:5 }


Innate Abilities, Weirdness & Mutations

You reflexively headbutt those who attack you in melee.
You have a pair of horns on your head.


Message History

You see here a +1 pair of boots of rampaging.
D - a +1 pair of boots of rampaging The boulder beetle waves its antennae.
The boulder beetle bites you!
* * * LOW HITPOINT WARNING * * *
There is a transporter here.
You enter the transporter and appear at another place.
Okay, then.
It was a potion of heal wounds.
You feel much better. You block the boulder beetle's attack.
The boulder beetle bites you!!
* * * LOW HITPOINT WARNING * * *
You hit the boulder beetle.
The boulder beetle is heavily wounded.
You block the boulder beetle's attack.
You hit the boulder beetle.
Lightning courses through the boulder beetle!
The boulder beetle is severely wounded.
The boulder beetle bites you!
You die...

#..............#.#
#.#######....#.#.#
#.##
####.#.#.########
...# #.#.#........#
##.# #.#..........#
#.# #.#########.##
#.## ##########.#
##.#.# #..#
#8#....#...###.####
##.####.###.#..@!<.##
#.#8≈©....©#©©B.##.#
######.###.#...## #.#
#8#....#...# #.#
##########.# .# ### #


You could see a boulder beetle.

Vanquished Creatures
  A hornet (D:8)
  Grinder (D:4)
  An ice beast (D:6)
  2 sky beasts
  5 ogres
  2 phantoms (D:7)
  A big kobold (D:8)
  A bullfrog (D:7)
  A gnoll sergeant (D:6)
  A water moccasin zombie (D:8)
  A wyvern zombie (D:7)
  2 howler monkeys
  9 wights
  A bullfrog zombie (D:3)
  2 hounds
  A jelly (D:6)
  7 orc wizards
  3 bullfrog skeletons
  An iguana (D:5)
  Natasha (thrice) (D:2)
  Terence (D:2)
  4 worker ants
  2 hound zombies
  A worker ant zombie (D:5)
  6 adders
  10 gnolls (D:6)
  A howler monkey skeleton (D:7)
  A white imp (D:7)
  An ufetubus (D:7)
  2 oozes (D:1)
  An adder skeleton (D:6)
  3 worms (D:2)
  6 dart slugs
  2 leopard geckos
  18 orcs
  3 bats
  16 giant cockroaches
  5 goblins
  8 hobgoblins
  8 jackals
  3 quokkas
  2 ball pythons
  5 frilled lizards
  16 kobolds
  9 rats
180 creatures vanquished.

Vanquished Creatures (others)
  A hound (D:7)
  An adder (D:7)
2 creatures vanquished.

Grand Total: 182 creatures vanquished

Notes
Turn   | Place    | Note
-------+----------+-------------------------------------------
     0 | D:1      | seveneves the Minotaur Fighter began the quest for the Orb.
     0 | D:1      | Reached XP level 1. HP: 19/19 MP: 0/0
    60 | D:1      | Reached XP level 2. HP: 27/27 MP: 1/1
    93 | D:1      | Reached skill level 4 in Shields
   289 | D:1      | Reached XP level 3. HP: 33/33 MP: 2/2
   639 | D:2      | Reached XP level 4. HP: 40/40 MP: 3/3
   846 | D:2      | Noticed Terence
   875 | D:2      | Killed Terence
  1065 | D:2      | Found a shimmering blue altar of Sif Muna.
  1065 | D:2      | Found a radiant altar of Vehumet.
  1106 | D:2      | Noticed Natasha
  1122 | D:2      | Killed Natasha
  1151 | D:2      | Noticed Natasha
  1156 | D:2      | Killed Natasha
  1157 | D:2      | Reached XP level 5. HP: 18/47 MP: 4/4
  1198 | D:2      | Noticed Natasha
  1220 | D:2      | Killed Natasha
  1435 | D:3      | Reached skill level 5 in Shields
  1516 | D:3      | Reached skill level 1 in Dodging
  1691 | D:3      | Reached XP level 6. HP: 53/53 MP: 5/5
  1919 | D:3      | Found a sparkling altar of Nemelex Xobeh.
  1919 | D:3      | Found a transporter.
  2608 | D:4      | Reached skill level 5 in Long Blades
  2705 | D:4      | Noticed Grinder
  2712 | D:4      | Paralysed by Grinder for 4 turns
  2728 | D:4      | Killed Grinder
  2729 | D:4      | Reached skill level 5 in Armour
  2729 | D:4      | Reached skill level 6 in Shields
  2729 | D:4      | Reached XP level 7. HP: 30/60 MP: 6/6
  2967 | D:5      | Entered Level 5 of the Dungeon
  2970 | D:5      | Reached skill level 1 in Short Blades
  3143 | D:5      | Reached skill level 5 in Fighting
  3294 | D:5      | Identified the +4 hand axe "Tunisam" {elec, rF+++ Will+
                  | Int+3 Dex-2}
  3322 | D:5      | Found an iron altar of Okawaru.
  3420 | D:5      | Found Etistopt's Gadget Boutique.
  3453 | D:5      | Found a glowing silver altar of Zin.
  3626 | D:6      | Reached skill level 1 in Axes
  3626 | D:6      | Reached XP level 8. HP: 66/68 MP: 7/7
  3736 | D:6      | Reached skill level 7 in Shields
  4131 | D:6      | You fall into a shaft and drop 1 floor!
  4156 | D:7      | Reached skill level 5 in Axes
  4326 | D:7      | Reached skill level 8 in Shields
  4402 | D:7      | Got a sparkling golden ring
  4408 | D:7      | Identified the ring of Cellogh {rC++ Str+6 SInv Stlth-}
                  | (You found it on level 7 of the Dungeon)
  4423 | D:7      | Reached XP level 9. HP: 75/75 MP: 8/8
  4842 | D:7      | Found a staircase to the Ecumenical Temple.
  4854 | Temple   | Entered the Ecumenical Temple
  4997 | Temple   | Became a worshipper of Ru the Awakened
  5286 | D:8      | Reached skill level 9 in Shields
  5361 | D:8      | Found a transporter.
  5362 | D:8      | Found a transporter.
  5363 | D:8      | Noticed a boulder beetle
  5392 | D:8      | HP: 3/75 [boulder beetle (11)]
  5398 | D:8      | Mangled by a boulder beetle

Illustrated notes

Levels and vault maps discovered:
D:1:      dpeg_arrival_rooms_with_view, layout_rooms, minmay_cut_off
D:2:      layout_loops_ring, gammafunk_temple_overflow_pools,
          minmay_pentomino_r2, uniq_natasha, uniq_terence
D:3:      minmay_roachtagon, layout_rooms, grunt_nemelex_the_gamble
D:4:      layout_loops_ring, corexii_corridor_pit, kennysheep_windowed_goal,
          uniq_grinder
D:5:      layout_loops_cross, okawaru_ov_weapons_minmay, zin_scriptorium,
          serial_shops, shop
D:6:      layout_loops_cross
D:7:      layout_loops_ring, lemuel_temple_firewalk_b
D:8:      gammafunk_boulding_lane, layout_loops_ring, kennysheep_little_box,
          kennysheep_mini, basic_altar, special_room [special_room_kobold],
          lemuel_centaur_altar, uniq_erica
Temple:   regret_index_temple_sphere_string

Skill      XL: |  1  2  3  4  5  6  7  8  9 |
---------------+----------------------------+-----
Fighting       | 4 5 6 |  6.1
Armour         | 4 5 6 7 |  7.0
Shields        | 4 5 6 8 9 |  9.0
Long Blades    | 3 4 5 |  5.6
Dodging        | 2 3 |  3.4
Short Blades   | 2 3 |  3.3
Axes           | 1 5 8 |  8.0
Maces & Flails | |  0.2
Stealth        | |  0.9

Action                   |  1- 3 |  4- 6 |  7- 9 || total
-------------------------+-------+-------+-------++-------
Melee: Long sword        |    73 |   174 |       ||   247
       Headbutt          |    13 |    26 |    62 ||   101
       Flail             |       |    26 |       ||    26
       Rapier            |       |    15 |    60 ||    75
       Hand axe          |       |       |   183 ||   183
  Use: Scroll            |     6 |     6 |     8 ||    20
       Potion            |       |     6 |     4 ||    10
Armor: Scale mail        |    24 |    43 |       ||    67
       Chain mail        |       |    64 |   106 ||   170
Dodge: Dodged            |    27 |    49 |    58 ||   134
Block: Kite shield       |    43 |   133 |   176 ||   352
       Rpst.: Long sword |     7 |     5 |       ||    12
